 Dungeon Crawl Stone Soup version 0.24-a0-115-gd155597332 (webtiles) character file.

Game seed: 4952242844740387867

28364 Hercules1031 the Protected (level 13, -17/102 HPs)
             Began as a Demonspawn Fighter on Feb 17, 2019.
             Demolished by an ettin
             ... wielding a +0 dire flail
              (27 damage)
             ... on level 2 of the Orcish Mines.
             The game lasted 00:41:16 (9585 turns).

Hercules1031 the Protected (Demonspawn Fighter)     Turns: 9585, Time: 00:41:17

Health: -17/102    AC: 37    Str: 25    XL:     13   Next: 9%
Magic:  13/13      EV: 10    Int: 12    God:
Gold:   298        SH: 18    Dex: 12    Spells: 12/12 levels left

rFire    + . .     SeeInvis +   v - +6 spear "Demonspawn's Bane" {pierce, rElec rF+ rC-}
rCold    x . .     Gourm    .   E - +0 shield {reflect}
rNeg     . . .     Faith    .   p - +7 plate armour {ponderous}
rPois    .         Spirit   .   (helmet restricted)
rElec    +         Reflect  +   (no cloak)
rCorr    .         Harm     .   G - +2 pair of gloves
MR       .....                  F - +2 pair of boots
Stlth    ..........             i - amulet of regeneration
HPRegen  1.07/turn              k - ring of see invisible
MPRegen  0.13/turn              r - ring of Robustness {AC+8}

@: mighty, slow
A: horns 1, large bone plates 2, clever 1, demonic guardian 1, deterioration 1,
powered by death 1, regeneration 1, weak 1
a: no special abilities


You were on level 2 of the Orcish Mines.
You were not hungry.

You visited 3 branches of the dungeon, and saw 12 of its levels.
You also visited: Ossuary and Bailey.

You collected 1237 gold pieces.
You spent 939 gold pieces at shops.

Inventory:

Hand Weapons
 a - a +0 war axe
 q - a +0 double sword
 v - the +6 spear "Demonspawn's Bane" (weapon) {pierce, rElec rF+ rC-}
   (You found it on level 5 of the Dungeon)

   It inflicts extra damage upon your enemies.
   It protects you from fire.
   It makes you vulnerable to cold.
   It insulates you from electricity.
 K - a +1 glaive
Armour
 b - a +0 scale mail
 c - a +0 shield
 f - a +2 robe of cold resistance
 p - a +7 plate armour of ponderousness (worn)
 x - a +0 helmet
 y - a +0 plate armour
 A - a +1 plate armour of fire resistance
 C - a +1 pair of gloves of archery
 D - a +2 plate armour of fire resistance
 E - a +0 shield of reflection (worn)
 F - a +2 pair of boots (worn)
 G - a +2 pair of gloves (worn)
 L - a +0 chain mail
Jewellery
 i - an amulet of regeneration (around neck)
 k - a ring of see invisible (left hand)
 m - an uncursed ring of magical power
 o - an uncursed ring of wizardry
 r - the ring of Robustness (right hand) {AC+8}
   (You found it on level 4 of the Dungeon)

   [ring of protection]

   It affects your AC (+8).
 u - an uncursed ring of protection from fire
Wands
 s - a wand of polymorph (16)
 J - a wand of acid (9)
Scrolls
 e - 6 scrolls of remove curse
 g - 2 scrolls of teleportation
 j - a scroll of magic mapping
 l - a scroll of identify
 z - 2 scrolls of blinking
 B - a scroll of amnesia
Potions
 d - 3 potions of might
 h - 2 potions of ambrosia
 n - a potion of agility
 t - a potion of flight
 w - a potion of curing
 I - a potion of brilliance {unknown}
Comestibles
 H - 2 rations


   Skills:
 + Level 9.6 Fighting
 - Level 3.3(6.0) Axes
 + Level 7.8(8.2) Polearms
 + Level 11.8 Armour
 + Level 8.4 Dodging
 + Level 9.0 Shields


You had 12 spell levels left.
You didn't know any spells.
Your spell library contained the following spells:

 Spells                   Type           Power        Failure   Level  Hunger
 Summon Small Mammal      Summ           #...         100%        1    ##.....
 Call Imp                 Summ           #.......     100%        2    ###....
 Call Canine Familiar     Summ           #.......     100%        3    ####...
 Summon Guardian Golem    Hex/Summ       #.......     100%        3    ####...
 Summon Ice Beast         Ice/Summ       #.......     100%        4    #####..
 Summon Lightning Spire   Summ/Air       #.......     100%        4    #####..
 Haunt                    Necr/Summ      #.........   100%        7    #######
 Borgnjor's Revivificati  Necr           #.........   100%        8    #######
 Death's Door             Chrm/Necr      #.........   100%        8    #######
 Infestation              Necr           #.........   100%        8    #######
 Necromutation            Tmut/Necr      #.........   100%        8    #######


Dungeon Overview and Level Annotations

Branches:
Dungeon (9/15)             Temple (1/1) D:7             Orc (2/2) D:9
    Elf (0/3) Orc:2
   Lair: D:8-11

Altars:
Ashenzari
Cheibriados
Dithmenos
Elyvilon
Fedhas
Gozag
Hepliaklqana
Kikubaaqudgha
Makhleb
Nemelex Xobeh
Okawaru
Qazlal
Ru
Sif Muna
Trog
Uskayaw
Vehumet
Wu Jian
Xom
Yredelemnul
Zin
The Shining One

Shops:
D:7 }   Orc:1 =   Orc:2 [:*:

Annotations:
Orc:1 Fannar, Sonja
Orc:2 Nergalle


Innate Abilities, Weirdness & Mutations

You have a pair of small horns on your head.
You are mostly covered in large bone plates. (SH +6)
A weak demonic guardian rushes to your aid.
You regenerate a little health from kills.
Your mind is acute. (Int +2)
Your body sometimes deteriorates upon taking damage.
Your natural rate of healing is unusually fast.
You are weak. (Str -2)


Message History

Orcish apparitions take form around you.
You block the spectral orc warrior's attack.
The orc warrior barely misses you. You block the orc's attack.
You hit Nergalle.
Nergalle is heavily wounded.
The ettin hits you but does no damage.
The ettin hits you with a +0 dire flail!
* * * LOW HITPOINT WARNING * * *
Nergalle shouts, "Kill, kill, my pretties!"
Nergalle hits you but does no damage. The ogre hits you but does no damage.
The spectral orc warrior barely misses you.
You closely miss Nergalle.
You headbutt Nergalle, but do no damage.
Nergalle is heavily wounded.
You block the spectral orc warrior's attack.
You block the orc warrior's attack. The orc closely misses you.
The ettin hits you with a +0 dire flail!
* * * LOW HITPOINT WARNING * * *
The ettin hits you with a +0 dire flail!!
You die...

.............####..#........#....
..............#.#..#........#....
.............#.....##......##....
...................##......##....
.##................###....###...#
.#..................###..###...#.
............#...ZZ...............
...........#...#ZC#..............
........#...#.#o@OZ###...........
#....#.##...####oo##......)......
......####..#.#ZZ.#.....^......#.
#......###.....#...#.#...........
#...#.###...#.#....###...........
##...#.###..##...................
##.#...#....##...........#......
##.........###......##..#......
#.......#.## ##..#.###.........


You could see an ettin, Nergalle, a spectral orc, 5 spectral orc warriors, an
orc warrior, an ogre and an orc.

Vanquished Creatures
  Donald (Orc:1)
  An orc warlord (Bailey)
  9 two-headed ogres
  A centaur warrior (D:9)
  3 ogre magi (Orc:2)
  2 trolls
  A wyvern (D:8)
  3 yaks (D:9)
  Grum (D:9)
  A warg (Orc:1)
  17 orc warriors
  A black bear (D:9)
  2 ice beasts
  A phantom (D:5)
  6 wolves (D:9)
  26 ogres
  3 centaurs
  Blork the orc (D:6)
  A bullfrog (D:9)
  A gnoll sergeant (D:6)
  6 scorpions
  A howler monkey (D:8)
  2 electric eels (D:9)
  5 crimson imps
  A centaur zombie (Ossuary)
  A bullfrog zombie (D:9)
  2 quasits
  5 hounds
  An orc priest (Orc:2)
  A bullfrog skeleton (D:7)
  2 human zombies (Ossuary)
  2 orc wizards
  A centaur skeleton (D:8)
  2 iguanas
  3 worker ants
  2 big kobold zombies (Ossuary)
  A hound zombie (D:8)
  3 mummies (Ossuary)
  14 gnolls
  2 howler monkey skeletons
  6 adders
  3 scorpion zombies (Ossuary)
  A shadow imp (D:9)
  An ooze (D:1)
  An adder skeleton (D:7)
  A dart slug (D:3)
  4 leopard geckos
  32 orcs
  5 ball pythons
  4 bats
  2 giant cockroaches
  29 goblins
  20 hobgoblins
  9 jackals
  3 quokkas
  8 frilled lizards
  A giant cockroach zombie (D:5)
  7 kobolds
  A kobold zombie (Ossuary)
  2 quokka skeletons
  4 rats
  2 butterflies (D:7)
285 creatures vanquished.

Vanquished Creatures (collateral kills)
  An ogre mage (Orc:2)
  2 two-headed ogres
  6 yaks (D:9)
  Sigmund (D:6)
  A sky beast (D:8)
  2 ogres (Orc:2)
  A wolf (D:9)
  2 centaurs
  4 scorpions
  An electric eel (D:9)
  A howler monkey (D:6)
  A crimson imp (D:8)
  A human zombie (Ossuary)
  3 hounds
  2 orc priests
  A big kobold zombie (Ossuary)
  A hound skeleton (D:8)
  A gnoll (D:6)
  An adder (D:8)
  4 scorpion zombies (Ossuary)
  An adder skeleton (D:8)
  A leopard gecko (D:4)
  2 orcs
  A giant cockroach (D:5)
  A gnoll zombie (Ossuary)
  3 goblins
  A hobgoblin (Bailey)
  A goblin zombie (Ossuary)
  A hobgoblin zombie (Ossuary)
  3 kobold zombies (Ossuary)
52 creatures vanquished.

Grand Total: 337 creatures vanquished

Notes
Turn   | Place    | Note
-------+----------+-------------------------------------------
     0 | D:1      | Hercules1031 the Demonspawn Fighter began the quest for the
                  | Orb.
     0 | D:1      | Reached XP level 1. HP: 18/18 MP: 1/1
   154 | D:1      | Gained mutation: You have a pair of small horns on your
                  | head. [demonic ancestry]
   154 | D:1      | Reached XP level 2. HP: 18/24 MP: 2/2
   554 | D:1      | Gained mutation: You are partially covered in large bone
                  | plates. (SH +4) [demonic ancestry]
   554 | D:1      | Reached XP level 3. HP: 23/29 MP: 3/3
   917 | D:2      | Reached skill level 3 in Armour
  1033 | D:2      | Reached skill level 1 in Dodging
  1551 | D:3      | Reached XP level 4. HP: 35/35 MP: 4/4
  1829 | D:3      | Found a bloodstained altar of Trog.
  2426 | D:4      | Found the ring of Robustness {AC+8}
  2429 | D:4      | Gained mutation: A weak demonic guardian rushes to your
                  | aid. [demonic ancestry]
  2429 | D:4      | Reached XP level 5. HP: 42/42 MP: 5/5
  2530 | D:4      | Found a radiant altar of Vehumet.
  2550 | D:4      | Found a sparkling altar of Nemelex Xobeh.
  2708 | D:4      | Noticed an ogre
  2718 | D:4      | Killed an ogre
  2718 | D:4      | Reached XP level 6. HP: 36/48 MP: 6/6
  3164 | D:5      | Entered Level 5 of the Dungeon
  3208 | D:5      | Found a shattered altar of Ashenzari.
  3309 | D:5      | Got a fine spear
  3310 | D:5      | Found a sand-covered staircase.
  3318 | Ossuary  | Entered an ossuary
  3350 | Ossuary  | Identified the +6 spear "Demonspawn's Bane" {pierce, rElec
                  | rF+ rC-} (You found it on level 5 of the Dungeon)
  3374 | Ossuary  | Reached skill level 4 in Armour
  3382 | Ossuary  | Reached XP level 7. HP: 55/55 MP: 7/7
  3419 | Ossuary  | Reached skill level 1 in Polearms
  3668 | D:5      | Reached skill level 5 in Fighting
  3668 | D:5      | Reached XP level 8. HP: 62/62 MP: 8/8
  3859 | D:5      | Found a sacrificial altar of Ru.
  4196 | D:6      | Noticed Sigmund
  4201 | D:6      | Killed Sigmund
  4201 | D:6      | Reached skill level 5 in Armour
  4201 | D:6      | Reached skill level 5 in Shields
  4293 | D:6      | Found a deep blue altar of Sif Muna.
  4866 | D:6      | Found a snail-covered altar of Cheibriados.
  4884 | D:6      | Noticed Blork the orc
  4895 | D:6      | Killed Blork the orc
  5369 | D:7      | Found a sparkling altar of Nemelex Xobeh.
  5379 | D:7      | Found a staircase to the Ecumenical Temple.
  5414 | Temple   | Entered the Ecumenical Temple
  5663 | D:7      | Gained mutation: You regenerate a little health from kills.
                  | [demonic ancestry]
  5663 | D:7      | Reached XP level 9. HP: 68/69 MP: 9/9
  5864 | D:7      | Gained mutation: You are weak. (Str -2) [potion of
                  | mutation]
  5864 | D:7      | Gained mutation: Your body sometimes deteriorates upon
                  | taking damage. [potion of mutation]
  5864 | D:7      | Gained mutation: Your mind is acute. (Int +2) [potion of
                  | mutation]
  5864 | D:7      | Gained mutation: Your natural rate of healing is unusually
                  | fast. [potion of mutation]
  6179 | D:7      | Found a shimmering altar of Xom.
  6273 | D:7      | Found Taet's Gadget Shop.
  6340 | D:8      | Found a blossoming altar of Fedhas.
  6387 | D:8      | Reached skill level 5 in Dodging
  6672 | D:8      | Reached skill level 6 in Armour
  6873 | D:8      | Found a flagged portal.
  6879 | Bailey   | Entered a bailey
  7127 | Bailey   | Noticed an orc warlord
  7186 | Bailey   | Killed an orc warlord
  7186 | Bailey   | Reached skill level 5 in Polearms
  7186 | Bailey   | Reached XP level 10. HP: 61/79 MP: 10/10
  7303 | Bailey   | Identified a scroll of acquirement
  7485 | D:8      | Found a glowing golden altar of the Shining One.
  7487 | D:8      | Found a stormy altar of Qazlal.
  7642 | D:9      | Reached skill level 7 in Armour
  7954 | D:9      | Found a staircase to the Orcish Mines.
  7954 | D:9      | Noticed Grum
  7991 | D:9      | Noticed a centaur warrior
  7995 | D:9      | Killed Grum
  7995 | D:9      | Reached XP level 11. HP: 86/86 MP: 11/11
  8004 | D:9      | Killed a centaur warrior
  8024 | Orc:1    | Entered Level 1 of the Orcish Mines
  8025 | Orc:1    | Reached skill level 11 in Armour
  8025 | Orc:1    | Gained mutation: You are mostly covered in large bone
                  | plates. (SH +6) [demonic ancestry]
  8025 | Orc:1    | Reached XP level 12. HP: 93/93 MP: 12/12
  8197 | Orc:2    | Entered Level 2 of the Orcish Mines
  8197 | Orc:2    | Found a staircase to the Elven Halls.
  8197 | Orc:2    | Noticed Donald
  8254 | Orc:1    | Killed Donald
  8495 | Orc:2    | Noticed a two-headed ogre
  8495 | Orc:2    | Noticed a two-headed ogre
  8501 | Orc:2    | Noticed a two-headed ogre
  8519 | Orc:2    | Noticed a two-headed ogre
  8519 | Orc:2    | Noticed a two-headed ogre
  8532 | Orc:1    | Killed a two-headed ogre
  8564 | Orc:1    | Killed a two-headed ogre
  8689 | Orc:2    | Noticed an ogre mage
  8712 | Orc:1    | Killed a two-headed ogre
  8740 | Orc:2    | Noticed an ogre mage
  8749 | Orc:1    | Killed a two-headed ogre
  8756 | Orc:1    | Killed a two-headed ogre
  8766 | Orc:2    | Noticed a two-headed ogre
  8776 | Orc:2    | Killed an ogre mage
  8776 | Orc:2    | Noticed an ogre mage
  8790 | Orc:1    | Killed a two-headed ogre
  8823 | Orc:2    | Noticed a two-headed ogre
  8824 | Orc:2    | Paralysed by an ogre mage for 2 turns
  8825 | Orc:2    | Noticed a two-headed ogre
  8827 | Orc:2    | Killed an ogre mage
  8828 | Orc:2    | Noticed a two-headed ogre
  8833 | Orc:2    | Killed an ogre mage
  8849 | Orc:2    | Killed a two-headed ogre
  8851 | Orc:2    | Killed a two-headed ogre
  8851 | Orc:2    | Noticed a two-headed ogre
  8863 | Orc:1    | Killed a two-headed ogre
  8922 | Orc:2    | Killed a two-headed ogre
  9046 | Orc:2    | Noticed an ogre mage
  9057 | Orc:2    | Killed an ogre mage
  9057 | Orc:2    | Reached XP level 13. HP: 91/101 MP: 13/13
  9063 | Orc:2    | Found Feiwu's Assorted Antiques.
  9066 | Orc:2    | Found Ucvan's Book Emporium.
  9066 | Orc:2    | Found Plog's Book Boutique.
  9066 | Orc:2    | Found Rocuc's Armour Shoppe.
  9087 | Orc:2    | Bought a runed plate armour for 676 gold pieces
  9087 | Orc:2    | Bought a scroll labeled NUCUMAY MAUPT for 26 gold pieces
  9087 | Orc:2    | Bought a lumpy coppery potion for 23 gold pieces
  9128 | Orc:2    | Bought a +2 pair of gloves for 214 gold pieces
  9552 | Orc:1    | Found Bonis's Jewellery Boutique.
  9552 | Orc:1    | Noticed Nergalle
  9552 | Orc:1    | Noticed Fannar
  9552 | Orc:1    | Noticed Sonja
  9552 | Orc:1    | Noticed an ettin
  9585 | Orc:2    | Demolished by an ettin

Levels and vault maps discovered:
D:1:      scummos_arrival_forest, layout_loops_corners
D:2:      layout_loops_ring, first_ration, solitary_fountain,
          kennysheep_generic_room_11
D:3:      layout_basic, lightli_temple_of_fire
D:4:      layout_basic, fiery_altar_vehumet, nemelex_altar_shiori
D:5:      layout_loops_ring, marbit_many_paths, basic_altar,
          nicolae_ossuary_entry_monument
D:6:      layout_layer_cave, kennysheep_little_box, lemuel_crystal_altar,
          small_statue_intersection, minivault_11, uniq_blork_the_orc,
          uniq_sigmund
D:7:      layout_loops_corners, overflow_temple_1_default,
          minmay_temple_entry_butterflies, basic_altar, serial_shops,
          kennysheep_mini
D:8:      wander_river, layout_loops_ring, fedhas_altar_3,
          nicolae_overflow_hidden_temple, enter_bailey_3
D:9:      layout_irregular_city, erik_lair_island, orc_0_dummy, uniq_grum
Temple:   dshaligram_water_room_temple
Orc:1:    layout_caves, basic_altar, serial_shops, nicolae_shop_crystal,
          uniq_sonja, uniq_nergalle, uniq_fannar
Orc:2:    st_orc_ogre_mass, layout_caves, uniq_donald
Ossuary:  ossuary_minmay_scorpions
Bailey:   bailey_axe_minmay_hex_keep, bailey

Skill      XL: |  1  2  3  4  5  6  7  8  9 10 11 12 13 |
---------------+----------------------------------------+-----
Axes           | 2 3 |  3.3
Shields        | 3 4 5 6 7 8 9 |  9.0
Armour         | 3 4 5 6 7 11 | 11.8
Dodging        | 1 2 3 4 6 7 8 |  8.4
Fighting       | 4 5 7 8 9 |  9.6
Polearms       | 2 3 5 6 7 |  7.8

Action                   |  1- 3 |  4- 6 |  7- 9 | 10-12 | 13-15 || total
-------------------------+-------+-------+-------+-------+-------++-------
Melee: War axe           |   120 |   131 |       |       |       ||   251
       Headbutt          |    14 |    26 |    78 |    88 |    14 ||   220
       Spear             |       |    16 |   454 |   456 |    65 ||   991
  Use: Scroll            |     2 |     2 |    15 |     3 |     2 ||    24
       Potion            |       |       |    12 |     7 |     2 ||    21
 Stab: Distracted        |       |       |     2 |     5 |     1 ||     8
  Eat: Ration            |     1 |     2 |     3 |     3 |       ||     9
       Chunk             |       |       |       |     1 |       ||     1
Armor: Scale mail        |    45 |    51 |    60 |       |       ||   156
       Chain mail        |       |       |    63 |       |       ||    63
       Plate armour      |       |       |     7 |   254 |    28 ||   289
Dodge: Dodged            |    35 |    22 |    96 |   133 |    20 ||   306
Block: Shield            |    66 |   105 |   296 |   479 |    58 ||  1004
       Reflection        |       |       |       |       |     1 ||     1

Table legend:
 A = Non-vault XP
 B = Vault XP
 C = Vault XP percentage of total XP
 D = Non-vault monster count
 E = Vault monster count
 F = Vault count percentage of total count
                 A         B        C        D         E       F
            +---------+---------+-------+---------+---------+-------
      Total |    7214 |   21925 |  75.2 |     176 |     159 |  47.5
            +---------+---------+-------+---------+---------+-------
        D:1 |      41 |       0 |   0.0 |      21 |       0 |   0.0
        D:2 |      47 |       2 |   4.1 |      15 |       1 |   6.2
        D:3 |      95 |       0 |   0.0 |      17 |       0 |   0.0
        D:4 |     267 |       0 |   0.0 |      10 |       0 |   0.0
        D:5 |     444 |     103 |  18.8 |      18 |       1 |   5.3
        D:6 |     579 |     270 |  31.8 |      21 |       2 |   8.7
        D:7 |     428 |       0 |   0.0 |      16 |       0 |   0.0
        D:8 |    1042 |       6 |   0.6 |      21 |       4 |  16.0
        D:9 |    3013 |    1404 |  31.8 |      21 |      14 |  40.0
      Orc:1 |     550 |    8461 |  93.9 |       9 |      17 |  65.4
      Orc:2 |     708 |    7411 |  91.3 |       7 |      19 |  73.1
    Ossuary |       0 |     811 | 100.0 |       0 |      32 | 100.0
     Bailey |       0 |    3457 | 100.0 |       0 |      69 | 100.0
            +---------+---------+-------+---------+---------+-------
